 Dungeon Crawl Stone Soup version 0.31-a0-636-ge1c0e020e0 (webtiles) character file.

Game seed: 1007744061469311574

50527 bjtr the Geomancer (level 14, -12/84 HPs)
             Began as a Gargoyle Earth Elementalist on Aug 26, 2023.
             Was an Elder of Vehumet.
             Killed by Lee's Rapid Deconstruction
             ... invoked by a deep troll earth mage
              (23 damage)
             ... on level 15 of the Dungeon on Aug 27, 2023.
             The game lasted 01:44:22 (17036 turns).

bjtr the Geomancer (Gargoyle Earth Elementalist)   Turns: 17036, Time: 01:44:22

Health: -12/84     AC: 29    Str: 13    XL:     14   Next: 55%
Magic:  19/30      EV: 10    Int: 26    God:    Vehumet [****..]
Gold:   1261       SH:  9    Dex: 10    Spells: 6/37 levels left

rFire   . . .        b - +3 scimitar (flame)
rCold   . . .        d - +0 kite shield {AC+3}
rNeg    + . .        S - +0 acid dragon scales
rPois   ∞            s - +1 helmet
rElec   +            (no cloak)
rCorr   +            z - +0 pair of gloves
SInv    .            (no boots)
Will    +....        (no amulet)
Stlth   ++           j - +6 ring of intelligence
HPRegen 0.34/turn    o - +4 ring of protection
MPRegen 0.22/turn

%: no passive effects
@: animating dead, flying
A: sickness immunity, AC +10, big wings, negative energy resistance 1,
electricity resistance, torment resistance 1, petrification resistance
a: Renounce Religion


You were on level 15 of the Dungeon.
You worshipped Vehumet.
Vehumet was greatly pleased with you.
You visited 2 branches of the dungeon, and saw 16 of its levels.
You also visited: Sewer, Ossuary and Ice Cave.

You collected 1261 gold pieces.

Inventory:

Hand Weapons
 a - a +0 broad axe of protection
 b - a +3 scimitar of flaming (weapon)
 g - a +0 morningstar
Missiles
 h - 6 javelins
 B - 5 curare-tipped darts (quivered)
 H - 3 throwing nets
Armour
 d - a +0 kite shield of protection (worn)
 m - the +7 Kryia's mail coat {PotionHeal*2 rC+}
   (You found it on level 2 of the Dungeon)

   PotionHeal*2: Potions heal its wearer twice as much.
   rC+:       It protects you from cold.
 s - a +1 helmet (worn)
 z - a +0 pair of gloves (worn)
 S - +0 acid dragon scales (worn)
Magical Staves
 t - a staff of earth
Jewellery
 j - a +6 ring of intelligence (left hand)
 o - a +4 ring of protection (right hand)
 U - the ring "Seusuale" {rPois rC+ Stlth+}
   (You found it in an ice cave)

   [ring of poison resistance]

   rC+:       It protects you from cold.
   rPois:     It protects you from poison Stlth+: It makes you more stealthy.
 V - a +5 ring of evasion
 Z - a ring of protection from fire
Wands
 f - a wand of charming (1)
 J - a wand of acid (12)
 N - a wand of flame (10)
 O - a wand of roots (15)
 X - a wand of polymorph (9)
Scrolls
 c - a scroll of vulnerability
 e - 5 scrolls of fog
 l - 5 scrolls of teleportation
 u - 5 scrolls of immolation
 y - 3 scrolls of identify
 A - 3 scrolls of blinking
 C - 3 scrolls of fear
 G - a scroll of brand weapon
 P - 2 scrolls of butterflies
 Y - a scroll of amnesia
Potions
 k - 5 potions of curing
 n - a potion of resistance
 p - 2 potions of heal wounds
 x - a potion of brilliance
 D - 3 potions of magic
 E - 2 potions of haste
 F - a potion of cancellation
 I - 4 potions of might
 M - 2 potions of enlightenment
Miscellaneous
 W - a phantom mirror


   Skills:
 + Level 8.4 Fighting
 - Level 9.5 Armour
 + Level 4.2 Dodging
 + Level 3.0 Stealth
 * Level 7.4 Shields
 + Level 12.0 Spellcasting
 + Level 7.0 Conjurations
 + Level 6.8 Necromancy
 - Level 0.7 Transmutations
 + Level 7.5 Fire Magic
 + Level 14.0 Earth Magic
 - Level 2.5 Evocations


You had 6 spell levels left.
You knew the following spells:

 Your Spells              Type           Power      Damage    Failure   Level
a - Sandblast             Erth           100%       2d20      1%          1
b - Passwall              Tmut/Erth      43%        N/A       1%          2
c - Stone Arrow           Conj/Erth      100%       3d13      1%          3
d - Petrify               Tmut/Erth      52%        N/A       7%          4
e - Borgnjor's Vile Clut  Necr/Erth      31%        N/A       5%          5
f - Flame Wave            Conj/Fire      52%        2d13      1%          4
g - Inner Flame           Hex/Fire       35%        N/A       2%          3
h - Animate Dead          Necr           50%        N/A       9%          4
i - Irradiate             Conj/Tmut      17%        3d17      21%         5

Your spell library contained the following spells:

 Spells                   Type           Power      Damage    Failure   Level
 Fulminant Prism          Conj/Hex       16%        3d10      9%          4
 Kiss of Death            Conj/Necr      100%       2d13      1%          1
 Momentum Strike          Conj/Tloc      66%        3d9       1%          2
 Sticky Flame             Conj/Fire      52%        2d7       1%          4
 Dispel Undead            Necr           50%        3d19      9%          4
 Frozen Ramparts          Ice            30%        1d5       11%         3
 Summon Small Mammal      Summ           60%        N/A       14%         1
 Wereblood                Tmut           19%        N/A       16%         2
 Blink                    Tloc           30%        N/A       22%         2
 Lesser Beckoning         Tloc           30%        N/A       22%         2
 Call Canine Familiar     Summ           15%        N/A       38%         3
 Confusing Touch          Hex            15%        N/A       38%         3
 Gell's Gravitas          Tloc           15%        N/A       38%         3
 Summon Guardian Golem    Hex/Summ       15%        N/A       38%         3
 Teleport Other           Tloc           15%        N/A       38%         3
 Death Channel            Necr           25%        N/A       78%         6
 Metabolic Englaciation   Hex/Ice        7%         N/A       98%         5
 Summon Forest            Summ/Tloc      7%         N/A       98%         5
 Summon Mana Viper        Hex/Summ       15%        N/A       98%         5
 Summon Cactus Giant      Summ           7%         N/A       100%        6
 Summon Hydra             Summ           7%         N/A       100%        7
 Chain Lightning          Conj/Air       16%        3d22      100%        9
 Fire Storm               Conj/Fire      26%        8d7       100%        9
 Shatter                  Erth           36%        3d29*     100%        9
 Sublimation of Blood     Necr           Unusable   N/A       N/A         2

Dungeon Overview and Level Annotations

Branches:
Dungeon (15/15)            Temple (1/1) D:7            Lair (0/5) D:11
    Orc (0/2) D:10         Vaults (0/5) D:14          Sewer (visited)
Ossuary (visited)           IceCv (visited)
 Depths: D:15

Altars:
Ashenzari
Cheibriados
Dithmenos
Elyvilon
Fedhas
Gozag
Hepliaklqana
Kikubaaqudgha
Makhleb
Nemelex Xobeh
Okawaru
Qazlal
Ru
Sif Muna
Trog
Uskayaw
Vehumet
Wu Jian
Xom
Yredelemnul
Zin
The Shining One

Shops:
D:11 (


Innate Abilities, Weirdness & Mutations

You are immune to sickness and miasma.
Your stone body is resilient. (AC +10)
You are immune to poison.
Your large and strong wings let you fly.
You resist negative energy. (rN+)
You are resistant to electric shocks. (rElec)
You are resistant to unholy torment.
You are immune to petrification.


Message History

The centaur warrior shoots an arrow.
The arrow barely misses you.
Unknown command.
Unknown command.
Casting: Animate Dead (dangerous; 9% risk of failure)
Confirm with . or Enter, or press ? or * to list all spells.
Aiming: Inner Flame (mildly dangerous; 2% risk of failure)
Press: ? - help, Dir - move target, f - centaur warrior, p - deep troll earth mage
Aim: a centaur warrior, wielding a +0 shortbow (severely wounded, constricted by zombie hands, chance to affect: 75%)
The centaur warrior is filled with an inner flame.
The zombie hands constrict the deep troll earth mage!
The zombie hands constrict the ogre mage!
The zombie hands constrict the centaur warrior.
Flame seeps out of the centaur warrior.
The deep troll earth mage casts a spell at you.
You shatter!!
* * * LOW HITPOINT WARNING * * *
The centaur warrior is engulfed in blazing flames.
Flame seeps out of the centaur warrior.
The centaur warrior shoots an arrow.
The arrow barely misses you.
The ogre mage struggles to escape constriction.
Unknown command.
You feel much better.
The zombie hands constrict the deep troll earth mage.
The zombie hands constrict the ogre mage.
The zombie hands constrict the centaur warrior!
Vehumet accepts your kill.
The deep troll earth mage points at you and mumbles some strange words.
You shatter!!
* * * LOW HITPOINT WARNING * * *
The centaur warrior explodes!
The fiery explosion engulfs the ogre mage!!
The ogre mage is severely wounded.
Your Conjurations skill increases to level 7!
Unknown command.
The zombie hands constrict the deep troll earth mage, but do no damage.
The zombie hands constrict the ogre mage.
The zombie hands release their grip on the deep troll earth mage.
The deep troll earth mage gestures at you while chanting.
You shatter!!
You die...

...............#
...............#...#
....)..........#.T.#
...............#...##
.......#######.##...
...##### #.##O§# ...#
#.##°§# .# ...+
#.##§.##...# ...#
#..@........ ##.#
#........... #.
#..#+####### #..#
....+ ......#
........# ...!....#
.######.#


You could see an ogre mage (clutched) and a deep troll earth mage.

Vanquished Creatures
  Kirke (D:13)
  A yaktaur captain (D:15)
  4 vault guards (D:14)
  6 centaur warriors
  A hydra (D:14)
  A death knight (D:14)
  2 two-headed ogres
  6 boulder beetles
  2 tengu warriors (D:13)
  A phantasmal warrior (D:14)
  2 deep elf pyromancers
  3 ugly things
  7 cyclopes
  2 manticores
  2 ice statues (IceCv)
  2 gargoyles
  An efreet (D:13)
  A komodo dragon (D:10)
  A rime drake (D:11)
  2 freezing wraiths
  A troll (shapeshifter) (D:11)
  A troll (D:10)
  3 meliai (D:14)
  12 slime creatures
  Sigmund (D:3)
  A centaur simulacrum (D:15)
  A shadow (D:13)
  2 wraiths
  13 yaks
  2 vampires
  4 hogs (D:13)
  3 wyverns
  2 steam dragons
  8 vampire mosquitoes
  Menkaure (D:6)
  3 acid dragons
  2 wargs (D:8)
  3 water moccasins
  A hydra simulacrum (IceCv)
  A sky beast (shapeshifter) (D:13)
  6 orc warriors
  A black bear (D:6)
  An ice beast (D:6)
  3 sky beasts
  6 ogres
  A hog zombie (D:13)
  8 centaurs
  2 phantoms
  The ghost of GoodGuyCap the Changeling, an amateur OpSh (D:3)
  9 kobold brigands
  An elf zombie (Ossuary)
  Blork the orc (D:5)
  2 bullfrogs
  4 gnoll sergeants
  A cyclops zombie (D:14)
  2 cane toad simulacra (IceCv)
  3 scorpions
  17 killer bees
  An elephant simulacrum (IceCv)
  13 howler monkeys
  2 centaur zombies
  3 quasits (D:3)
  13 orc priests
  3 gnoll boudas
  5 hounds
  2 jellies (D:7)
  2 iguanas (D:5)
  23 orc wizards
  A polar bear simulacrum (IceCv)
  2 mummies (Ossuary)
  25 gnolls
  7 adders
  A shadow imp (D:5)
  An ufetubus (D:4)
  2 dart slugs (D:1)
  44 orcs
  5 endoplasms
  3 giant cockroaches
  3 gnoll zombies (D:8)
  4 goblins
  9 hobgoblins
  4 jackals (D:1)
  6 quokkas
  7 ball pythons
  10 bats
  6 frilled lizards
  2 goblin zombies (Ossuary)
  11 hobgoblin zombies (Ossuary)
  38 kobolds
  12 kobold zombies
  16 orc zombies
  8 rats
  2 rat zombies (Ossuary)
478 creatures vanquished.

Vanquished Creatures (collateral kills)
  A centaur warrior (D:15)
  A skeletal warrior (D:14)
  A rime drake (D:11)
  3 slime creatures
  2 wraiths
  3 yaks (D:10)
  A basilisk (D:13)
  A vampire mosquito (D:12)
  2 orc warriors
  2 ogres (D:8)
  A gnoll sergeant (D:8)
  A bullfrog (D:6)
  A killer bee (D:9)
  2 orc priests (D:8)
  A hound (D:8)
  2 orc wizards
  5 gnolls
  9 orcs
  2 kobolds (D:9)
41 creatures vanquished.

Vanquished Creatures (others)
  An ugly thing (IceCv)
  A hydra zombie (D:14)
  2 humans (D:13)
  2 vampire mosquito zombies (D:13)
  2 hog zombies (D:13)
  A rime drake zombie (D:11)
  A water moccasin zombie (D:9)
  A yak zombie (D:10)
  A bullfrog zombie (D:8)
  3 centaur zombies (D:15)
  2 killer bee zombies (D:9)
  2 howler monkey zombies (D:8)
  12 gnoll zombies
  5 kobold zombies
  12 orc zombies
48 creatures vanquished.

Grand Total: 567 creatures vanquished

Notes
Turn   | Place    | Note
-------+----------+-------------------------------------------
     0 | D:1      | bjtr the Gargoyle Earth Elementalist began the quest for
                  | the Orb.
     0 | D:1      | Reached XP level 1. HP: 10/10 MP: 3/3
   120 | D:1      | Reached skill level 4 in Earth Magic
   151 | D:1      | Reached XP level 2. HP: 15/15 MP: 3/5
   562 | D:1      | Reached XP level 3. HP: 15/19 MP: 1/6
  1076 | D:2      | Reached skill level 5 in Earth Magic
  1175 | D:2      | Found the +7 Kryia's mail coat {PotionHeal*2 rC+}
  1381 | D:2      | Learned a level 2 spell: Passwall
  1926 | D:3      | Found a transporter.
  1931 | D:3      | Noticed GoodGuyCap's ghost (amateur OpSh)
  2027 | D:3      | Reached XP level 4. HP: 15/24 MP: 3/8
  2027 | D:3      | HP: 1/24 [orc priest/divine providence (14)]
  2035 | D:3      | Reached skill level 1 in Armour
  2125 | D:3      | Noticed Sigmund
  2128 | D:3      | Killed Sigmund
  2129 | D:3      | Reached skill level 6 in Earth Magic
  2129 | D:3      | Reached XP level 5. HP: 28/28 MP: 6/10
  2129 | D:3      | Reached XP level 6. HP: 32/32 MP: 6/11
  2259 | D:3      | Found a transporter.
  2315 | D:3      | Killed GoodGuyCap's ghost
  2337 | D:3      | Reached XP level 7. HP: 37/37 MP: 0/13
  2549 | D:3      | Identified a scroll of acquirement
  2549 | D:3      | Acquired a book of Unlife
  2666 | D:4      | Reached skill level 7 in Earth Magic
  3339 | D:5      | Entered Level 5 of the Dungeon
  3395 | D:5      | Found a sand-covered staircase.
  3413 | Ossuary  | Entered an ossuary
  3578 | Ossuary  | Reached skill level 5 in Spellcasting
  3582 | Ossuary  | Reached skill level 1 in Fighting
  3869 | D:5      | Reached skill level 5 in Fighting
  3869 | D:5      | Reached skill level 10 in Earth Magic
  3869 | D:5      | Reached XP level 8. HP: 51/51 MP: 14/18
  3874 | D:5      | Learned a level 3 spell: Stone Arrow
  3879 | D:5      | Learned a level 4 spell: Petrify
  3885 | D:5      | Learned a level 5 spell: Borgnjor's Vile Clutch
  3890 | D:5      | Learned a level 4 spell: Flame Wave
  3910 | D:5      | Reached XP level 9. HP: 47/55 MP: 15/19
  4276 | D:5      | Noticed Blork the orc
  4280 | D:5      | Killed Blork the orc
  4349 | D:6      | Found a glowing drain.
  4370 | Sewer    | Entered a sewer
  4710 | D:6      | Reached skill level 5 in Conjurations
  4710 | D:6      | Reached XP level 10. HP: 60/60 MP: 20/22
  4711 | D:6      | Reached skill level 5 in Fire Magic
  4711 | D:6      | Reached skill level 11 in Earth Magic
  4711 | D:6      | Reached XP level 11. HP: 67/67 MP: 20/23
  4716 | D:6      | Learned a level 3 spell: Inner Flame
  4721 | D:6      | Learned a level 4 spell: Animate Dead
  4979 | D:6      | Noticed Menkaure
  4983 | D:6      | Killed Menkaure
  5976 | D:7      | Found a staircase to the Ecumenical Temple.
  5981 | Temple   | Entered the Ecumenical Temple
  6011 | Temple   | Became a worshipper of Vehumet
  6320 | D:8      | Noticed a cyclops
  6329 | D:8      | Killed a cyclops
  6960 | D:8      | Reached * piety under Vehumet
  6960 | D:8      | Offered knowledge of Foxfire by Vehumet.
  7423 | D:8      | Reached ** piety under Vehumet
  7423 | D:8      | Offered knowledge of Scorch by Vehumet.
  7657 | D:8      | Reached XP level 12. HP: 36/72 MP: 15/25
  7680 | D:8      | Reached skill level 12 in Earth Magic
  8026 | D:8      | Reached skill level 1 in Shields
  8549 | D:9      | Offered knowledge of Hailstorm by Vehumet.
  9176 | D:9      | Reached *** piety under Vehumet
  9732 | D:9      | Found a hide-covered altar of Uskayaw.
  9795 | D:10     | Entered Level 10 of the Dungeon
  9804 | D:10     | Reached skill level 5 in Necromancy
  9910 | D:10     | Found a staircase to the Orcish Mines.
  9917 | D:10     | Offered knowledge of Ignite Poison by Vehumet.
  9924 | D:10     | Reached skill level 10 in Spellcasting
 10215 | D:10     | Reached **** piety under Vehumet
 10796 | D:11     | Noticed a two-headed ogre
 10978 | D:10     | Killed a two-headed ogre
 10978 | D:10     | Offered knowledge of Irradiate by Vehumet.
 10985 | D:10     | Learned a level 5 spell: Irradiate
 11151 | D:11     | Noticed a two-headed ogre
 11171 | D:11     | Killed a two-headed ogre
 11200 | D:11     | Found a frozen archway.
 11280 | IceCv    | Entered an ice cave
 11312 | IceCv    | Found a transporter.
 11331 | IceCv    | Found a transporter.
 11639 | IceCv    | Identified the ring "Seusuale" {rPois rC+ Stlth+}
 11676 | D:11     | Noticed a boulder beetle
 11690 | D:11     | Killed a boulder beetle
 11691 | D:11     | Reached XP level 13. HP: 59/78 MP: 27/27
 11812 | D:11     | Found a staircase to the Lair.
 11935 | D:11     | Found Vicve's Weapon Emporium.
 13490 | D:13     | Reached skill level 5 in Shields
 13490 | D:13     | Reached skill level 13 in Earth Magic
 13721 | D:13     | Identified the +2 robe of Zeiphe {Str+7}
 13846 | D:13     | Noticed Kirke
 13863 | D:13     | Noticed a sphinx
 13864 | D:13     | Killed Kirke
 13869 | D:13     | Reached ***** piety under Vehumet
 13961 | D:13     | Offered knowledge of Fulminant Prism by Vehumet.
 15523 | D:14     | Gained mutation: Your large and strong wings let you fly.
                  | [Gargoyle growth]
 15523 | D:14     | Reached XP level 14. HP: 75/84 MP: 11/29
 16134 | D:14     | Found a gate to the Vaults.
 16590 | D:15     | Entered Level 15 of the Dungeon
 16991 | D:15     | Reached skill level 14 in Earth Magic
 17036 | D:15     | Killed from afar by a deep troll earth mage

Illustrated notes

Levels and vault maps discovered:
D:1:      dpeg_arrival_erosion, layout_basic
D:2:      layout_loops_ring, grunt_decor_mini_mirrors
D:3:      layout_basic, gammafunk_ghost_stat_death, uniq_sigmund
D:4:      nicolae_cairo_tiling, layout_loops_ring
D:5:      layout_rooms, nicolae_ossuary_entry_false_entrances,
          uniq_blork_the_orc
D:6:      layout_basic, portal_sewer_entry_d, uniq_menkaure
D:7:      layout_cave_pools, temple_doors_e
D:8:      lemuel_castle_with_subvaults [lemuel_castle_interior_carwin_1],
          layout_cave_pods
D:9:      layout_basic, kennysheep_little_box
D:10:     layout_rooms, erik_orc_3, due_unseen_surprise
D:11:     layout_rooms, lair_entry_dummy, serial_shops,
          nicolae_shop_bloodbath_and_beyond, portal_ice_cave_rime
D:12:     layout_roguey
D:13:     layout_layer_cave, uniq_kirke
D:14:     layout_long_grid, lightli_vaults_fourway_checkpoint
D:15:     hellmonk_depths_entry_around_the_bend, layout_irregular_city,
          nicolae_ru_the_path_less_chosen
Temple:   mainiacjoe_temple_archimedes_tessellation

Skill      XL: |  1  2  3  4  5  6  7  8  9 10 11 12 13 14 |
---------------+-------------------------------------------+-----
Earth Magic    | 4 5 6 10 11 12 13 14 | 14.0
Spellcasting   | 3 4 7 8 9 10 11 12 | 12.0
Armour         | 1 2 9 |  9.5
Fighting       | 5 6 7 8 |  8.4
Conjurations   | 5 6 7 |  7.0
Necromancy     | 3 4 5 6 |  6.8
Fire Magic     | 4 5 6 7 |  7.5
Evocations     | 2 |  2.5
Dodging        | 2 3 4 |  4.2
Shields        | 3 6 7 |  7.4
Stealth        | 3 |  3.0
Transmutations | |  0.7

Action                     |  1- 3 |  4- 6 |  7- 9 | 10-12 | 13-15 || total
---------------------------+-------+-------+-------+-------+-------++-------
  Melee: Unarmed           |     2 |       |       |       |       ||     2
         Short sword       |    24 |    11 |   162 |     3 |       ||   200
         Punch             |       |       |     3 |     1 |       ||     4
         Broad axe         |       |       |       |   336 |    61 ||   397
         Flail             |       |       |       |    12 |       ||    12
         Scimitar          |       |       |       |       |    26 ||    26
  Throw: Dart              |       |       |       |     4 |    15 ||    19
   Cast: Sandblast         |    44 |    23 |    92 |   131 |   104 ||   394
         Passwall          |       |       |     1 |     5 |       ||     6
         Borgnjor's Vile C |       |       |       |    53 |    26 ||    79
         Animate Dead      |       |       |       |    14 |     8 ||    22
         Flame Wave        |       |       |       |    15 |    11 ||    26
         Inner Flame       |       |       |       |     3 |     8 ||    11
         Stone Arrow       |       |       |       |     1 |    18 ||    19
         Irradiate         |       |       |       |       |     8 ||     8
         Petrify           |       |       |       |       |     2 ||     2
    Use: Scroll            |     6 |       |     8 |    11 |     5 ||    30
         Potion            |     1 |     2 |     2 |     8 |     3 ||    16
   Stab: Sleeping          |     1 |       |       |     1 |       ||     2
         Invisible         |       |       |       |     2 |       ||     2
 Armour: Robe              |     8 |       |       |       |       ||     8
         Scale mail        |     3 |    69 |   142 |    18 |       ||   232
         Steam dragon scal |       |       |       |   395 |    16 ||   411
         Acid dragon scale |       |       |       |       |   135 ||   135
  Dodge: Dodged            |    27 |    48 |   122 |   362 |   110 ||   669
  Block: Buckler           |       |       |       |    67 |    24 ||    91
         Kite shield       |       |       |       |       |    48 ||    48

Table legend: (Time is in decaauts)
 A = Elapsed time spent in this place.
 B = Non-inter-level travel time spent in this place.
 C = Inter-level travel time spent in this place.
 D = Time resting spent in this place.
 E = Time spent auto-exploring this place.
 F = Levels seen in this place.
 G = Mean time per level.
                   A        B        C        D        E       F      G
               +--------+--------+--------+--------+--------+-----+--------+
         Total |  17552 |  16736 |    816 |   2147 |  10220 |  19 |  923.8 |
       Dungeon |  16301 |  15545 |    756 |   1799 |   9941 |  15 | 1086.7 |
        Temple |     73 |     13 |     60 |      0 |      0 |   1 |   73.0 |
         Sewer |    374 |    374 |      0 |      0 |    212 |   1 |  374.0 |
       Ossuary |    423 |    423 |      0 |     89 |     67 |   1 |  423.0 |
      Ice Cave |    379 |    379 |      0 |    259 |      0 |   1 |  379.0 |
               +--------+--------+--------+--------+--------+-----+--------+

Top non-repeatable levels by time:
     D:8: 2312 daAuts
     D:9: 1502 daAuts
    D:14: 1471 daAuts
    D:13: 1462 daAuts
    D:10: 1404 daAuts
    D:12: 1326 daAuts
     D:1: 1027 daAuts
     D:6: 990 daAuts
     D:3: 888 daAuts
     D:4: 765 daAuts
    D:11: 740 daAuts
     D:2: 695 daAuts
     D:7: 682 daAuts
     D:5: 579 daAuts
    D:15: 451 daAuts
